 Dungeon Sprint DCSS version 0.28-a0-1395-g4f6bc678fa (webtiles) character file.

Game seed: 1921318375992554625

9662 HallandMoats the End of an Era (level 11, -3/106 HPs)
             Began as a Minotaur Monk on Jan 4, 2022.
             Was the Champion of Qazlal.
             Slain by a naga warrior (25 damage)
             ... in the Dungeon (Sprint V: "Ziggurat Sprint").
             The game lasted 00:05:35 (854 turns).

HallandMoats the End of an Era (Minotaur Monk)       Turns: 854, Time: 00:05:36

Health: -3/106     AC: 20    Str: 23    XL:     11   Next: 26%
Magic:  21/22      EV:  2    Int:  7    God:    Qazlal [******]
Gold:   0          SH: 40    Dex: 22    Spells: 10/10 levels left

rFire   + . .      SeeInvis +   A - +14 obsidian axe {vorpal, Mesm Drain Fly SInv}
rCold   + . .      Faith    .   B - +18 shield of the Gong {rElec rN+ Will+ EV-5}
rNeg    + . .      Spirit   .   i - +5 gold dragon scales
rPois   +          Reflect  .   (helmet restricted)
rElec   +          Harm     .   (no cloak)
rCorr   .          Rampage  .   (no gloves)
Will    +....      NoTele   +   (no boots)
Stlth   ..........              b - amulet of regeneration
HPRegen 1.07/turn               u - +6 ring of dexterity
MPRegen 0.18/turn               y - +6 ring of strength

@: lethally poisoned (-3 -> -3), protected from physical damage, flying,
mesmerised, constricted, repel missiles
A: horns 2, retaliatory headbutt, deformed body
a: Renounce Religion, Upheaval, Elemental Force, Disaster Area


You were in the Dungeon.
You worshipped Qazlal.
Qazlal was exalted by your worship.
You visited 1 branch

Inventory:

Hand Weapons
 A - the +14 obsidian axe (weapon) {vorpal, Mesm Drain Fly SInv}
   (You found it in the Dungeon)

   It inflicts extra damage upon your enemies.
   It occasionally summons demons to assist the wielder when it strikes in
   combat.
   Its wielder is mesmerised by any visible foes.
   It cannot be unequipped while any foes are visible.
   SInv:      It lets you see invisible.
   Fly:       It grants you flight.
   Drain:     It drains your maximum health when unequipped.
 C - the +7 Singing Sword {vorpal, sonic wave}
   (You found it in the Dungeon)

   It inflicts extra damage upon your enemies.
   It radiates damaging sonic waves as it strikes, especially in combat
   involving dangerous or numerous foes.
Armour
 i - +5 gold dragon scales (worn)
 B - the +18 shield of the Gong (worn) {rElec rN+ Will+ EV-5}
   (You found it in the Dungeon)

   It is deafeningly noisy when blocking attacks.
   EV:        It affects your evasion (-5).
   rElec:     It insulates you from electricity.
   rN:        It protects you from negative energy.
   Will:      It increases your willpower.
Jewellery
 a - the ring "Nerakkom" {*Slow rC+ Will+ Int+3 SInv}
   (You found it in the Dungeon)

   [ring of protection from cold]

   Int:       It affects your intelligence (+3).
   rC:        It protects you from cold.
   SInv:      It lets you see invisible.
   *Slow:     It may slow you when you take damage.
   Will:      It increases your willpower.
 b - an amulet of regeneration (around neck)
 u - a +6 ring of dexterity (left hand)
 y - a +6 ring of strength (right hand)
Scrolls
 h - 4 scrolls of blinking
 m - 4 scrolls of enchant weapon
 o - 4 scrolls of amnesia
 p - 7 scrolls of fog
 q - a scroll of holy word
 r - 5 scrolls of identify
 s - 2 scrolls of fear
Potions
 c - 10 potions of curing
 d - 7 potions of heal wounds
 e - 6 potions of haste
 f - 7 potions of magic
 g - 3 potions of berserk rage
 j - 2 potions of brilliance
 k - 2 potions of invisibility
 l - 4 potions of resistance
 n - 5 potions of might


   Skills:
 + Level 12.8 Fighting
 + Level 12.9 Axes
 + Level 12.3 Armour
 + Level 11.9 Dodging
 - Level 1.5 Stealth
 + Level 12.5 Shields
 * Level 16.1 Invocations


You had 10 spell levels left.
You didn't know any spells.
Your spell library contained the following spells:

 Spells                   Type           Power      Damage    Failure   Level
 Animate Skeleton         Necr           0%         N/A       100%        1
 Apportation              Tloc           0%         N/A       100%        1
 Freeze                   Ice            0%         1d3       100%        1
 Magic Dart               Conj           0%         1d3       100%        1
 Shock                    Conj/Air       0%         1d3       100%        1
 Sting                    Tmut/Pois      0%         1d3       100%        1
 Summon Small Mammal      Summ           0%         N/A       100%        1
 Call Imp                 Summ           0%         N/A       100%        2
 Corpse Rot               Necr/Air       0%         N/A       100%        2
 Poisonous Vapours        Pois/Air       0%         N/A       100%        2
 Sublimation of Blood     Necr           0%         N/A       100%        2
 Wereblood                Tmut           0%         N/A       100%        2
 Frozen Ramparts          Ice            0%         1d2       100%        3
 Mephitic Cloud           Conj/Pois/Air  0%         N/A       100%        3
 Ozocubu's Armour         Ice            0%         N/A       100%        3
 Hailstorm                Conj/Ice       0%         3d3       100%        4
 Olgreb's Toxic Radiance  Pois           0%         N/A       100%        4
 Simulacrum               Ice/Necr       0%         N/A       100%        6
 Summon Hydra             Summ           0%         N/A       100%        7


Dungeon Overview and Level Annotations

Branches:
Dungeon (1/1)

Altars:
Ashenzari
Cheibriados
Dithmenos
Elyvilon
Fedhas
Gozag
Hepliaklqana
Kikubaaqudgha
Makhleb
Nemelex Xobeh
Okawaru
Qazlal
Ru
Sif Muna
Trog
Uskayaw
Vehumet
Wu Jian
Xom
Yredelemnul
Zin
The Shining One
Beogh
Jiyva
Lugonu

Annotations:
D 1 transporter


Innate Abilities, Weirdness & Mutations

You have a pair of horns on your head.
You reflexively headbutt those who attack you in melee.
Armour fits poorly on your strangely shaped body.


Message History

You block the naga's attack.
SHROANNG!
You block the naga warrior's attack.
BOUMMMMG!
The naga warrior grabs you. The naga warrior constricts you.
The naga spits poison at you.
The splash of poison hits you but does no damage.
You resist.
The naga warrior hits you from afar with a +0 trident!!
Things that are here:
a +0 scimitar; a +0 robe; a naga corpse You slash the naga!
Your headbutt misses the naga.
The naga is severely wounded.
You hit the naga. You hit the naga warrior.
Visions of slaying the naga warrior flood into your mind.
You feel sick. The naga spits poison at you. You block the splash of poison.
GONNNNG!
You block the naga warrior's attack.
BONNNG!
The naga warrior constricts you.
* * * LOW HITPOINT WARNING * * *
The naga warrior hits you but does no damage.
The naga is struck by lightning.
The naga hits you with a +0 trident!!
* * * LOW HITPOINT WARNING * * *
Unknown command.
You slash the naga!
You kill the naga!
Qazlal accepts your kill.
You slice the naga!!
You kill the naga!
Qazlal accepts your kill.
You slash the naga warrior!
You feel sick. You block the naga warrior's attack.
BONNNG!
The naga warrior constricts you. You block the naga warrior's attack.
PANG!
You feel much better.
You feel sick.
The naga warrior hits you with a +0 battleaxe!!
You die...

▓.▓.....▓.▓.▓...▓.▓
▓....©....▓...©...▓
▓▓▓▓▓▓▓▓▓▓▓▓▓▓▓▓▓▓▓▓▓
▓...8©8...▓...8©8...▓
▓..|:|[)..▓..|[.=}..▓
▓..)[)})..▓...})==..▓
▓...°.....▓.........▓
▓..§☼°§...▓.........▓
▓..N°@.§..▓.........▓
▓..§○°N○..▓.........▓
▓...§.....▓.▓.†...▓.▓
▓.........▓....©....▓
▓....©....▓▓▓▓▓▓▓▓▓▓▓
▓▓▓▓▓▓▓▓▓▓▓


You could see 2 naga warriors.

Vanquished Creatures
  A mummy priest (D)
  A naga warrior (D)
  4 two-headed ogres (D)
  A death scarab (D)
  3 cyclopes (D)
  A black mamba (D)
  A hellwing (D)
  6 merfolk (D)
  A troll (shapeshifter) (D)
  A raiju (shapeshifter) (D)
  A culicivora (shapeshifter) (D)
  2 neqoxecs (D)
  2 nagas (D)
  5 ogres (D)
  2 centaurs (D)
  A crimson imp (D)
  A quasit (D)
  2 iron imps (D)
  6 mummies (D)
  3 adders (D)
  2 ufetubi (D)
  A bat zombie (D)
  3 ball pythons (D)
  A ball python skeleton (D)
  2 ball python zombies (D)
  A quokka skeleton (D)
55 creatures vanquished.

Vanquished Creatures (collateral kills)
  A salamander (shapeshifter) (D)
  A troll (D)
  A crimson imp (D)
  A quasit (D)
  An iron imp (D)
  A shadow imp (D)
  A quokka skeleton (D)
7 creatures vanquished.

Grand Total: 62 creatures vanquished

Notes
Turn   | Place    | Note
-------+----------+-------------------------------------------
     0 | D        | HallandMoats the Minotaur Monk began the quest for the Orb.
     0 | D        | Reached XP level 1. HP: 19/19 MP: 0/0
     5 | D        | Found a blossoming altar of Fedhas.
     5 | D        | Found the +6 Majin-Bo {vamp, MP+6 Int+6}
     5 | D        | Found the +9 heavy crossbow "Sniper" {vorpal, Acc+∞ SInv}
     5 | D        | Found the +10 dark maul {vorpal}
     5 | D        | Found the +15 Maxwell's patent armour {-Cast -Tele rElec
                  | Will+ rCorr}
     5 | D        | Found the +18 shield of the Gong {rElec rN+ Will+ EV-5}
     5 | D        | Found the +14 obsidian axe {vorpal, Mesm Drain Fly SInv}
     5 | D        | Found the +7 great mace "Firestarter" {inner flame, rF++}
     5 | D        | Found the +6 shillelagh "Devastator" {shatter}
     5 | D        | Found the +11 plutonium sword {Contam Stlth-}
     5 | D        | Found the +8 lance "Wyrmbane" {slay drac, rPois rF+ rC+
                  | AC+3}
     5 | D        | Found the +9 sword of Zonguldrok {reap}
     5 | D        | Found the +13 scythe of Curses {drain, Drain}
     5 | D        | Found the +5 sword of Power {vorpal}
     5 | D        | Found the +7 mace of Variability {chain chaos}
     5 | D        | Found the +7 Singing Sword {vorpal, sonic wave}
     5 | D        | Found the +8 storm bow {elec, penet}
     6 | D        | Found a shimmering blue altar of Sif Muna.
     6 | D        | Found a sacrificial altar of Ru.
     6 | D        | Found a bloodstained altar of Trog.
     6 | D        | Found a stormy altar of Qazlal.
     6 | D        | Found an iron altar of Okawaru.
     6 | D        | Found a sparkling altar of Nemelex Xobeh.
     8 | D        | Found a transporter.
     8 | D        | Found an ancient bone altar of Kikubaaqudgha.
     8 | D        | Found a viscous altar of Jiyva.
     8 | D        | Found a corrupted altar of Lugonu.
     8 | D        | Found a hazy altar of Hepliaklqana.
     8 | D        | Found a burning altar of Makhleb.
     8 | D        | Found an opulent altar of Gozag.
    59 | D        | Became a worshipper of Qazlal Stormbringer
    59 | D        | Reached * piety under Qazlal
    59 | D        | Reached ** piety under Qazlal
    67 | D        | Reached skill level 7 in Invocations
    67 | D        | Reached XP level 2. HP: 26/26 MP: 0/5
   124 | D        | Entered arena 2.
   124 | D        | Found a transporter.
   126 | D        | Noticed a ynoxinul
   133 | D        | HP: 1/27 [ynoxinul[the player character] (7)]
   408 | D        | Entered arena 3.
   408 | D        | Noticed a hellwing
   408 | D        | Found a transporter.
   410 | D        | Reached *** piety under Qazlal
   411 | D        | Reached skill level 1 in Armour
   411 | D        | Reached skill level 1 in Shields
   411 | D        | Reached XP level 3. HP: 32/33 MP: 7/7
   411 | D        | Killed a hellwing
   412 | D        | Reached skill level 5 in Dodging
   412 | D        | Reached skill level 9 in Invocations
   412 | D        | Reached XP level 4. HP: 43/44 MP: 7/9
   412 | D        | Reached XP level 5. HP: 49/50 MP: 8/11
   412 | D        | Reached XP level 6. HP: 56/57 MP: 8/12
   443 | D        | Entered arena 4.
   443 | D        | Found a transporter.
   447 | D        | Reached **** piety under Qazlal
   452 | D        | Reached skill level 5 in Shields
   453 | D        | Got the ring "Nerakkom" {*Slow rC+ Will+ Int+3 SInv}
   456 | D        | Entered arena 5.
   456 | D        | Found a transporter.
   459 | D        | Reached skill level 5 in Armour
   460 | D        | Reached ***** piety under Qazlal
   461 | D        | Reached skill level 10 in Invocations
   466 | D        | Entered arena 6.
   466 | D        | Found a transporter.
   483 | D        | Entered arena 7.
   483 | D        | Noticed a salamander
   483 | D        | Noticed a neqoxec
   483 | D        | Noticed a blink frog
   483 | D        | Noticed a culicivora
   483 | D        | Noticed a neqoxec
   483 | D        | Noticed a troll
   484 | D        | Found a transporter.
   487 | D        | Killed a culicivora
   488 | D        | Reached XP level 7. HP: 66/66 MP: 12/14
   489 | D        | Noticed a black mamba
   489 | D        | a blink frog changed into a black mamba
   489 | D        | Killed a salamander
   489 | D        | Gained mutation: Armour fits poorly on your strangely
                  | shaped body. [a neqoxec]
   490 | D        | Reached skill level 11 in Invocations
   490 | D        | Reached XP level 8. HP: 63/74 MP: 12/15
   490 | D        | Noticed a raiju
   490 | D        | a black mamba changed into a raiju
   490 | D        | Killed a troll
   490 | D        | Reached ****** piety under Qazlal
   495 | D        | Reached skill level 12 in Invocations
   495 | D        | Killed a raiju
   506 | D        | Entered arena 8.
   506 | D        | Found the +12 glaive of Prune {vorpal}
   506 | D        | Noticed a two-headed ogre
   506 | D        | Noticed a two-headed ogre
   506 | D        | Noticed a two-headed ogre
   506 | D        | Noticed a two-headed ogre
   507 | D        | Found a transporter.
   510 | D        | Killed a two-headed ogre
   511 | D        | Reached XP level 9. HP: 73/85 MP: 15/17
   511 | D        | Killed a two-headed ogre
   512 | D        | Reached skill level 10 in Fighting
   512 | D        | Reached skill level 10 in Axes
   512 | D        | Reached skill level 13 in Invocations
   513 | D        | Killed a two-headed ogre
   514 | D        | Reached skill level 10 in Shields
   515 | D        | Killed a two-headed ogre
   516 | D        | Reached skill level 10 in Armour
   516 | D        | Reached skill level 10 in Dodging
   516 | D        | Reached skill level 14 in Invocations
   516 | D        | Reached XP level 10. HP: 77/94 MP: 16/19
   526 | D        | Entered arena 9.
   526 | D        | Noticed a cyclops
   526 | D        | Noticed a cyclops
   526 | D        | Noticed a cyclops
   527 | D        | Found a transporter.
   532 | D        | Killed a cyclops
   534 | D        | Killed a cyclops
   538 | D        | Killed a cyclops
   543 | D        | Got the Tome of Icy Conjuration
   546 | D        | Got the Tome of Weightlessness and the Snowflakes
   551 | D        | Entered arena 10.
   552 | D        | Found a transporter.
   560 | D        | HP: 3/96 [merfolk (5)]
   561 | D        | HP: 1/97 [merfolk/boomerang (15)]
   564 | D        | Reached skill level 15 in Invocations
   653 | D        | Entered arena 11.
   653 | D        | Noticed a death scarab
   653 | D        | Noticed a mummy priest
   654 | D        | Found a transporter.
   656 | D        | Noticed a shadow wraith
   658 | D        | Killed a death scarab
   659 | D        | Reached XP level 11. HP: 88/105 MP: 21/21
   661 | D        | Killed a mummy priest
   841 | D        | Entered arena 12.
   841 | D        | Noticed a naga warrior
   841 | D        | Noticed a naga warrior
   841 | D        | Noticed a naga warrior
   843 | D        | Found a transporter.
   850 | D        | Killed a naga warrior
   851 | D        | Reached skill level 16 in Invocations
   852 | D        | HP: 4/106 [naga (27)]
   854 | D        | Slain by a naga warrior

Illustrated notes

Levels and vault maps discovered:
D:        sprint_v [room_start, room_1, room_2, room_3, room_4, room_5, room_6,
          room_7, room_8, room_9, room_10, room_11, room_12, room_13, room_14,
          room_15, room_16, room_17, room_18, room_19, room_20, room_21,
          room_22, room_23, room_24, room_25, room_26, room_27]

Skill      XL: |  1  2  3  4  5  6  7  8  9 10 11 |
---------------+----------------------------------+-----
Invocations    | 7 9 10 11 12 14 15 16 | 16.1
Axes           | 4 6 7 8 9 11 12 | 12.9
Armour         | 1 4 6 7 8 10 11 12 | 12.3
Shields        | 1 4 6 7 9 10 12 | 12.5
Fighting       | 6 7 8 9 10 12 | 12.8
Dodging        | 5 6 7 8 10 11 | 11.9
Stealth        | |  1.5

Action                   |  1- 3 |  4- 6 |  7- 9 | 10-12 || total
-------------------------+-------+-------+-------+-------++-------
Melee: Broad axe         |    10 |    11 |    13 |    24 ||    58
       Headbutt          |     3 |       |     3 |     8 ||    14
Invok: Disaster Area     |       |       |       |     2 ||     2
  Use: Potion            |     1 |       |       |     3 ||     4
 Stab: Distracted        |       |       |       |     1 ||     1
Armor: Gold dragon scale |     3 |     6 |     3 |    27 ||    39
Dodge: Dodged            |       |       |     2 |     9 ||    11
Block: Kite shield       |    17 |    28 |    22 |    89 ||   156

Table legend: (Time is in decaauts)
 A = Elapsed time spent in this place.
 B = Non-inter-level travel time spent in this place.
 C = Inter-level travel time spent in this place.
 D = Time resting spent in this place.
 E = Time spent auto-exploring this place.
 F = Levels seen in this place.
 G = Mean time per level.
                   A        B        C        D        E       F      G
               +--------+--------+--------+--------+--------+-----+--------+
         Total |    872 |    872 |      0 |    597 |      0 |   1 |  872.0 |
       Dungeon |    872 |    872 |      0 |    597 |      0 |   1 |  872.0 |
               +--------+--------+--------+--------+--------+-----+--------+

Top non-repeatable levels by time:
       D: 872 daAuts
